Flyers vs Hurricanes

Created - 22 février 2024 at 09:57

Goals
1 2 3 T
Flyers 1 1 0 2
Hurricanes 1 1 1 3
Shots
1 2 3 T
Flyers 5 15 7 27
Hurricanes 15 10 9 34

GoalsPenalties
1st period
1. Flyers , Neal Pionk 5 (Alex Chiasson 2) at 12:52
2. Hurricanes , Shea Theodore 8 (Zach Parise 18) at 14:53 (PP)
Bryan Rust (PHI) for Slashing (Minor) at 1:09
Garnet Hathaway (PHI) for Hooking (Minor) at 14:22
Dillon Dube (CAR) for Interference (Minor) at 16:10
2nd period
3. Flyers , Bryan Rust 21 (Garnet Hathaway 9, Sean Monahan 17) at 17:05
4. Hurricanes , Brock Boeser 20 (Zach Whitecloud 10) at 17:22
Garnet Hathaway (PHI) for Slashing (Minor) at 14:40
3rd period
5. Hurricanes , Anders Lee 17 (Brock Boeser 31, Ben Chiarot 15) at 12:25 (PP)
Garnet Hathaway (PHI) for Tripping (Minor) at 10:36
Mikael Backlund (CAR) for Hooking (Minor) at 12:26
Sean Monahan (PHI) for Interference (Minor) at 16:41
Goalie Stats
John Gibson (PHI), 31 saves from 34 shots - (0,912), L, 24-30-5, 59:14 minutes
Laurent Brossoit (CAR), 25 saves from 27 shots - (0,926), W, 2-2-0, 60:00 minutes
3 StarsOfficial
1 - Brock Boeser (CAR)
2 - Neal Pionk (PHI)
3 - Zach Whitecloud (CAR)
Referees : Lacey Senuk and Daria Ermak
Linesman : Justin Johnson and Derek Morris
Game Note
No Game Note
Finance
Level 1 -- Attendance: 4815 (80%) -- Ticket Income $481,500
Level 2 -- Attendance: 3717 (74%) -- Ticket Income $223,020
Level 3 -- Attendance: 2433 (51%) -- Ticket Income $85,155
Level 4 -- Attendance: 2811 (70%) -- Ticket Income $56,220
Luxury Box -- Attendance: 896 (90%) -- Ticket Income $179,200
Game was played at the RBC Center.
Total Attendance: 14672 (71%)
Total Ticket Income: $1,025,095
Other Income: $307,528
Total Income: $1,332,623



Team Name Goals Shots Shots Attemp Shots Blocked PIM HIT PP PK FO%
Flyers 227511010240 / 2 (0%)264%
Hurricanes 3346184292 / 5 (40%)036%

Flyers
Player Name POS G A P +/- PIM HIT SHT SB MP PP MP PP SHT PK MP PK SHT FO% FOT GA TA
Alex ChiassonRW011102005:250:0000:0000% 000
Anthony BeauvillierLW/RW0000013021:141:4803:1400% 011
Bryan RustLW/RW1011211019:161:4801:1900% 000
Drew DoughtyD000-1011018:162:4510:0000% 020
Garnet HathawayLW/RW0110622013:360:0002:1300% 000
Jacob MiddletonD0001010323:040:0005:2800% 001
Mattias JanmarkLW/RW000-1002012:210:0001:3100% 000
Mikael GranlundC/RW0000033118:112:1001:13060% 2011
Neal PionkD1012022019:422:1602:4410% 001
Patrick BrownC/RW0000012118:360:0304:35080% 1500
Phil Di GiuseppeLW000100004:480:0000:0000% 000
Quinn HughesD0000011115:370:0000:0000% 000
Rasmus AnderssonD000-1032323:392:2405:2800% 000
Rasmus RistolainenD0001001019:420:3102:5400% 001
Rickard RakellLW/RW0000020118:372:1000:0000% 110
Sean MonahanC/LW/RW0111214020:391:4802:29061% 1800
Tanner PearsonLW000000000:000:0000:0000% 000
Victor OlofssonLW/RW0000033018:552:0700:00050% 200
Hurricanes
Player Name POS G A P +/- PIM HIT SHT SB MP PP MP PP SHT PK MP PK SHT FO% FOT GA TA
Alex IafalloLW000-1012011:070:0000:2800% 000
Anders LeeC/LW1011004019:454:1530:4800% 102
Ben ChiarotD0111001021:513:2402:2400% 010
Brock BoeserRW1121003119:534:1511:140100% 200
Damon SeversonD000-2005125:043:3002:2400% 001
Dillon DubeC/LW/RW000-1203117:303:0000:570100% 100
Jimmy VeseyLW/RW0000021011:241:0201:0800% 000
Marcus FolignoLW/RW000-1012012:491:0200:0000% 000
Marcus PetterssonD0000030018:294:4701:3400% 000
Mikael BacklundC000-1230018:553:0001:11033% 2710
Noah CatesC/LW000-1012010:370:0000:0000% 100
Ryan LombergLW000001007:360:0000:0000% 100
Shea TheodoreD101-1032123:214:4710:0000% 000
Tage ThompsonC0001034118:454:1530:00035% 2011
Troy StecherD000-1031113:150:0600:0000% 000
Zach PariseLW011-1042118:403:0002:100100% 111
Zach WhitecloudD0111040117:390:0001:3400% 010
Zemgus GirgensonsC/LW000000209:201:0210:0000% 200

Flyers

5 vs 5 Forward
Line #Left WingCenterRight WingPHYDFOFWanted %Time %Time Play
1Bryan RustMikael GranlundRickard Rakell0143734%15:47
2Anthony BeauvillierSean MonahanVictor Olofsson0233535%16:20
3Mattias JanmarkPatrick BrownGarnet Hathaway1312323%10:50
4Phil Di GiuseppePatrick BrownAlex Chiasson14058%3:33
5 vs 5 Defense
Line #DefenseDefensePHYDFOFWanted %Time %Time Play
1Rasmus AnderssonDrew Doughty1223536%16:48
2Quinn HughesJacob Middleton1223535%16:20
3Neal PionkRasmus Ristolainen1223028%12:54
4Rasmus AnderssonDrew Doughty12201%0:28
Power Play Forward
Line #Left WingCenterRight WingPHYDFOFWanted %Time %Time Play
1Rickard RakellMikael GranlundVictor Olofsson0146055%2:10
2Bryan RustSean MonahanAnthony Beauvillier1134045%1:48
Power Play Defense
Line #DefenseDefensePHYDFOFWanted %Time %Time Play
1Rasmus AnderssonDrew Doughty0146043%1:42
2Neal PionkDrew Doughty1134057%2:16
Penalty Kill 4 Players Forward
Line #CenterWingPHYDFOFWanted %Time %Time Play
1Patrick BrownGarnet Hathaway1406082%6:46
2Mikael GranlundMattias Janmark1404018%1:31
Penalty Kill 4 Players Defense
Line #DefenseDefensePHYDFOFWanted %Time %Time Play
1Rasmus AnderssonJacob Middleton1316066%5:28
2Rasmus RistolainenRasmus Andersson1314034%2:49
Penalty Kill 3 Players
Line #WingPHYDFOFWanted %Time %Time PlayDefenseDefensePHYDFOFWanted %Time %Time Play
1Garnet Hathaway140600%0:00 Rasmus AnderssonJacob Middleton131600%0:00
2Mattias Janmark140400%0:00 Drew DoughtyRasmus Ristolainen131400%0:00
4 vs 4 Forward
Line #CenterWingPHYDFOFWanted %Time %Time Play
1Mikael GranlundRickard Rakell122500%0:00
2Sean MonahanVictor Olofsson122500%0:00
4 vs 4 Defense
Line #DefensePHYDFOFWanted %Time %Time Play
1Rasmus AnderssonDrew Doughty122500%0:00
2Rasmus AnderssonRasmus Ristolainen122500%0:00
Last Minutes Offensive
Left WingCenterRight WingDefenseDefense
Phil Di GiuseppeRickard RakellVictor OlofssonRasmus AnderssonQuinn Hughes
Last Minutes Defensive
Left WingCenterRight WingDefenseDefense
Mattias JanmarkBryan RustGarnet HathawayQuinn HughesJacob Middleton
Time
Total ForwardTotal DefenseLast Minutes OffensiveLast Minutes Defensive
60:00 60:00 1:150:00
Extra Forwards
Normal PowerPlayPenalty Kill
Anthony Beauvillier, Rickard Rakell, Alex ChiassonAnthony Beauvillier, Victor OlofssonPatrick Brown
Extra Defensemen
Normal PowerPlayPenalty Kill
Rasmus Ristolainen, Neal Pionk, Jacob MiddletonNeal Pionk, Rasmus AnderssonNeal Pionk
Penalty Shots
Rickard Rakell, Victor Olofsson, Bryan Rust, Anthony Beauvillier, Garnet Hathaway
Goalie
John Gibson, Felix Sandstrom
Scratches
None

Hurricanes

5 vs 5 Forward
Line #Left WingCenterRight WingPHYDFOFWanted %Time %Time Play
1Anders LeeTage ThompsonBrock Boeser1223532%15:05
2Zach PariseMikael BacklundDillon Dube1223330%13:58
3Alex IafalloNoah CatesMarcus Foligno1222222%10:27
4Ryan LombergZemgus GirgensonsJimmy Vesey1221016%7:19
5 vs 5 Defense
Line #DefenseDefensePHYDFOFWanted %Time %Time Play
1Shea TheodoreDamon Severson1223536%16:54
2Ben ChiarotZach Whitecloud1223536%16:43
3Marcus PetterssonTroy Stecher1222526%12:08
4Shea TheodoreDamon Severson12252%1:04
Power Play Forward
Line #Left WingCenterRight WingPHYDFOFWanted %Time %Time Play
1Anders LeeTage ThompsonBrock Boeser1226064%5:17
2Zach PariseMikael BacklundDillon Dube1224036%3:00
Power Play Defense
Line #DefenseDefensePHYDFOFWanted %Time %Time Play
1Shea TheodoreMarcus Pettersson1226058%4:47
2Ben ChiarotDamon Severson1224042%3:30
Penalty Kill 4 Players Forward
Line #CenterWingPHYDFOFWanted %Time %Time Play
1Mikael BacklundZach Parise1226088%3:30
2Anders LeeAlex Iafallo1224012%0:28
Penalty Kill 4 Players Defense
Line #DefenseDefensePHYDFOFWanted %Time %Time Play
1Ben ChiarotDamon Severson1225561%2:24
2Marcus PetterssonZach Whitecloud1224539%1:34
Penalty Kill 3 Players
Line #WingPHYDFOFWanted %Time %Time PlayDefenseDefensePHYDFOFWanted %Time %Time Play
1Mikael Backlund122500%0:00 Ben ChiarotDamon Severson122500%0:00
2Dillon Dube122500%0:00 Marcus PetterssonZach Whitecloud122500%0:00
4 vs 4 Forward
Line #CenterWingPHYDFOFWanted %Time %Time Play
1Tage ThompsonBrock Boeser122600%0:00
2Anders LeeZach Parise122400%0:00
4 vs 4 Defense
Line #DefensePHYDFOFWanted %Time %Time Play
1Shea TheodoreDamon Severson122600%0:00
2Ben ChiarotZach Whitecloud122400%0:00
Last Minutes Offensive
Left WingCenterRight WingDefenseDefense
Anders LeeTage ThompsonBrock BoeserShea TheodoreDamon Severson
Last Minutes Defensive
Left WingCenterRight WingDefenseDefense
Marcus FolignoMikael BacklundJimmy VeseyBen ChiarotZach Whitecloud
Time
Total ForwardTotal DefenseLast Minutes OffensiveLast Minutes Defensive
60:00 60:00 0:000:56
Extra Forwards
Normal PowerPlayPenalty Kill
Tage Thompson, Anders Lee, Brock BoeserTage Thompson, Anders LeeBrock Boeser
Extra Defensemen
Normal PowerPlayPenalty Kill
Damon Severson, Ben Chiarot, Zach WhitecloudMarcus Pettersson, Ben ChiarotZach Whitecloud
Penalty Shots
Anders Lee, Tage Thompson, Dillon Dube, Mikael Backlund, Zach Parise
Goalie
Laurent Brossoit, Jordan Binnington
Scratches
Tony DeAngelo (Sprained Right Ankle Injury), Danton Heinen (Healthy), Devin Shore (Healthy)


Play-by-Play

1st period


0:01 of 1st period - Mikael Granlund wins face-off versus Tage Thompson in neutral zone.
0:30 of 1st period - Snap shot by Anders Lee.
0:30 of 1st period - Shot Blocked by Mikael Granlund.
0:42 of 1st period - Brock Boeser is hit by Mikael Granlund and loses puck.
0:51 of 1st period - Shea Theodore is hit by Bryan Rust and loses puck.
1:09 of 1st period - Minor Penalty to Bryan Rust for Slashing.
1:10 of 1st period - Patrick Brown wins face-off versus Mikael Backlund in Flyers zone.
1:10 of 1st period - Patrick Brown is hit by Zach Parise.
2:49 of 1st period - Jacob Middleton is hit by Jimmy Vesey and loses puck.
3:06 of 1st period - Slapshot by Damon Severson.
3:06 of 1st period - Deflect By Zemgus Girgensons.
3:06 of 1st period - Stopped by John Gibson with a rebound.
3:09 of 1st period - Penalty to Bryan Rust is over, Bryan Rust is back on ice.
3:30 of 1st period - Jacob Middleton is hit by Marcus Foligno and loses puck.
4:10 of 1st period - Snap shot by Jimmy Vesey.
4:10 of 1st period - Shot Blocked by Jacob Middleton.
4:14 of 1st period - Snap shot by Damon Severson.
4:14 of 1st period - Shot Misses the Net.
4:16 of 1st period - Wrist shot by Marcus Foligno.
4:16 of 1st period - Shot Misses the Net.
4:18 of 1st period - Slapshot by Damon Severson.
4:18 of 1st period - Stopped by John Gibson with a rebound.
4:20 of 1st period - Slapshot by Ben Chiarot.
4:20 of 1st period - Stopped by John Gibson with a rebound.
4:22 of 1st period - Slapshot by Damon Severson.
4:22 of 1st period - Stopped by John Gibson with a rebound.
4:24 of 1st period - Slapshot by Marcus Foligno.
4:24 of 1st period - Stopped by John Gibson without a rebound.
4:25 of 1st period - Sean Monahan wins face-off versus Mikael Backlund in Flyers zone.
4:51 of 1st period - Anders Lee is hit by Alex Chiasson and loses puck.
4:56 of 1st period - Slapshot by Rasmus Andersson.
4:56 of 1st period - Stopped by Laurent Brossoit with a rebound.
5:18 of 1st period - Mikael Granlund is hit by Zach Whitecloud and loses puck.
5:37 of 1st period - Dillon Dube is hit by Mikael Granlund.
5:53 of 1st period - Mikael Granlund is hit by Marcus Pettersson and loses puck.
7:55 of 1st period - Anthony Beauvillier is hit by Noah Cates and loses puck.
9:20 of 1st period - Icing by Dillon Dube.
9:21 of 1st period - Mikael Backlund wins face-off versus Sean Monahan in Hurricanes zone.
10:02 of 1st period - Marcus Pettersson is hit by Mikael Granlund.
10:14 of 1st period - Sean Monahan is hit by Tage Thompson and loses puck.
10:37 of 1st period - Neal Pionk is hit by Zach Whitecloud and loses puck.
10:52 of 1st period - Mikael Granlund is hit by Ryan Lomberg.
11:05 of 1st period - Icing by Shea Theodore.
11:06 of 1st period - Patrick Brown wins face-off versus Zemgus Girgensons in Hurricanes zone.
11:09 of 1st period - Slapshot by Victor Olofsson.
11:09 of 1st period - Stopped by Laurent Brossoit with a rebound.
11:29 of 1st period - Snap shot by Jimmy Vesey.
11:29 of 1st period - Stopped by John Gibson with a rebound.
11:31 of 1st period - Slapshot by Damon Severson.
11:31 of 1st period - Stopped by John Gibson without a rebound.
11:32 of 1st period - Patrick Brown wins face-off versus Mikael Backlund in Flyers zone.
11:32 of 1st period - Patrick Brown is hit by Mikael Backlund.
11:38 of 1st period - Snap shot by Rasmus Andersson.
11:38 of 1st period - Shot Blocked by Zach Parise.
12:07 of 1st period - Wrist shot by Alex Iafallo.
12:07 of 1st period - Stopped by John Gibson with a rebound.
12:52 of 1st period - Snap shot by Neal Pionk.
12:52 of 1st period - Goal by Neal Pionk - Flyers : 1 - Hurricanes : 0.
12:53 of 1st period - Mikael Backlund wins face-off versus Sean Monahan in neutral zone.
12:56 of 1st period - Slapshot by Shea Theodore.
12:56 of 1st period - Deflect By Quinn Hughes.
12:56 of 1st period - Stopped by John Gibson with a rebound.
12:58 of 1st period - Slapshot by Zach Parise.
12:58 of 1st period - Shot Misses the Net.
13:00 of 1st period - Wrist shot by Zach Parise.
13:00 of 1st period - Shot Misses the Net.
13:02 of 1st period - Wrist shot by Zach Parise.
13:02 of 1st period - Stopped by John Gibson with a rebound.
13:04 of 1st period - Snap shot by Zach Parise.
13:04 of 1st period - Shot Misses the Net.
13:06 of 1st period - Slapshot by Shea Theodore.
13:06 of 1st period - Shot Blocked by Jacob Middleton.
13:08 of 1st period - Slapshot by Shea Theodore.
13:08 of 1st period - Shot Misses the Net.
13:10 of 1st period - Wrist shot by Dillon Dube.
13:10 of 1st period - Shot Misses the Net.
13:20 of 1st period - Victor Olofsson is hit by Tage Thompson and loses puck.
13:52 of 1st period - Snap shot by Anthony Beauvillier.
13:52 of 1st period - Shot Misses the Net.
14:22 of 1st period - Minor Penalty to Garnet Hathaway for Hooking.
14:23 of 1st period - Patrick Brown wins face-off versus Tage Thompson in Flyers zone.
14:23 of 1st period - Patrick Brown is hit by Shea Theodore.
14:53 of 1st period - Slapshot by Shea Theodore.
14:53 of 1st period - Goal by Shea Theodore - Flyers : 1 - Hurricanes : 1.
14:54 of 1st period - Mikael Granlund wins face-off versus Mikael Backlund in neutral zone.
15:03 of 1st period - Snap shot by Dillon Dube.
15:03 of 1st period - Stopped by John Gibson without a rebound.
15:04 of 1st period - Mikael Backlund wins face-off versus Mikael Granlund in Flyers zone.
15:17 of 1st period - Bryan Rust is hit by Mikael Backlund and loses puck.
15:28 of 1st period - Snap shot by Mikael Backlund.
15:28 of 1st period - Shot Misses the Net.
15:30 of 1st period - Snap shot by Zach Parise.
15:30 of 1st period - Stopped by John Gibson without a rebound.
15:31 of 1st period - Sean Monahan wins face-off versus Tage Thompson in Flyers zone.
15:31 of 1st period - Sean Monahan is hit by Tage Thompson.
15:37 of 1st period - Brock Boeser is hit by Victor Olofsson.
15:58 of 1st period - Marcus Pettersson is hit by Garnet Hathaway and loses puck.
16:05 of 1st period - Snap shot by Garnet Hathaway.
16:05 of 1st period - Shot Misses the Net.
16:07 of 1st period - Slapshot by Rasmus Ristolainen.
16:07 of 1st period - Stopped by Laurent Brossoit without a rebound.
16:08 of 1st period - Mikael Backlund wins face-off versus Mikael Granlund in Hurricanes zone.
16:10 of 1st period - Minor Penalty to Dillon Dube for Interference.
16:11 of 1st period - Mikael Granlund wins face-off versus Mikael Backlund in Hurricanes zone.
16:45 of 1st period - Slapshot by Drew Doughty.
16:45 of 1st period - Stopped by Laurent Brossoit without a rebound.
16:46 of 1st period - Mikael Backlund wins face-off versus Mikael Granlund in Hurricanes zone.
17:25 of 1st period - Anders Lee is hit by Drew Doughty and loses puck.
17:40 of 1st period - Ben Chiarot is hit by Sean Monahan and loses puck.
18:10 of 1st period - Penalty to Dillon Dube is over, Dillon Dube is back on ice.
19:13 of 1st period - Wrist shot by Noah Cates.
19:13 of 1st period - Stopped by John Gibson with a rebound.
19:15 of 1st period - Wrist shot by Noah Cates.
19:15 of 1st period - Shot Blocked by Quinn Hughes.
19:20 of 1st period - Icing by Rickard Rakell.
19:21 of 1st period - Mikael Granlund wins face-off versus Mikael Backlund in Flyers zone.
19:30 of 1st period - Slapshot by Dillon Dube.
19:30 of 1st period - Stopped by John Gibson without a rebound.
19:31 of 1st period - Mikael Backlund wins face-off versus Victor Olofsson in Flyers zone.
19:36 of 1st period - Wrist shot by Zach Parise.
19:36 of 1st period - Shot Misses the Net.
19:38 of 1st period - Snap shot by Dillon Dube.
19:38 of 1st period - Shot Blocked by Rasmus Andersson.
19:47 of 1st period - Off-side.
19:48 of 1st period - Patrick Brown wins face-off versus Tage Thompson in neutral zone.
Goals for this period are 1 for Flyers vs 1 for Hurricanes.
Shots for this period are 5 for Flyers vs 15 for Hurricanes.

2nd period


0:01 of 2nd period - Victor Olofsson wins face-off versus Mikael Backlund in neutral zone.
0:04 of 2nd period - Slapshot by Drew Doughty.
0:04 of 2nd period - Deflect By Anthony Beauvillier.
0:04 of 2nd period - Stopped by Laurent Brossoit without a rebound.
0:05 of 2nd period - Sean Monahan wins face-off versus Mikael Backlund in Hurricanes zone.
0:09 of 2nd period - Snap shot by Sean Monahan.
0:09 of 2nd period - Shot Misses the Net.
0:11 of 2nd period - Snap shot by Sean Monahan.
0:11 of 2nd period - Shot Misses the Net.
0:13 of 2nd period - Wrist shot by Sean Monahan.
0:13 of 2nd period - Stopped by Laurent Brossoit without a rebound.
0:14 of 2nd period - Tage Thompson wins face-off versus Sean Monahan in Hurricanes zone.
0:21 of 2nd period - Neal Pionk is hit by Troy Stecher and loses puck.
0:28 of 2nd period - Snap shot by Brock Boeser.
0:28 of 2nd period - Deflect By Anders Lee.
0:28 of 2nd period - Stopped by John Gibson with a rebound.
0:30 of 2nd period - Snap shot by Brock Boeser.
0:30 of 2nd period - Stopped by John Gibson without a rebound.
0:31 of 2nd period - Mikael Granlund wins face-off versus Mikael Backlund in Flyers zone.
0:40 of 2nd period - Snap shot by Dillon Dube.
0:40 of 2nd period - Shot Blocked by Rickard Rakell.
0:42 of 2nd period - Wrist shot by Dillon Dube.
0:42 of 2nd period - Stopped by John Gibson without a rebound.
0:43 of 2nd period - Sean Monahan wins face-off versus Tage Thompson in Flyers zone.
0:54 of 2nd period - Slapshot by Anthony Beauvillier.
0:54 of 2nd period - Deflect By Sean Monahan.
0:54 of 2nd period - Stopped by Laurent Brossoit with a rebound.
0:56 of 2nd period - Wrist shot by Victor Olofsson.
0:56 of 2nd period - Shot Misses the Net.
0:58 of 2nd period - Slapshot by Rasmus Ristolainen.
0:58 of 2nd period - Shot Blocked by Zach Whitecloud.
1:10 of 2nd period - Bryan Rust is hit by Zach Parise and loses puck.
1:37 of 2nd period - Snap shot by Garnet Hathaway.
1:37 of 2nd period - Shot Misses the Net.
1:39 of 2nd period - Slapshot by Mattias Janmark.
1:39 of 2nd period - Deflect By Garnet Hathaway.
1:39 of 2nd period - Stopped by Laurent Brossoit with a rebound.
1:41 of 2nd period - Snap shot by Patrick Brown.
1:41 of 2nd period - Stopped by Laurent Brossoit without a rebound.
1:42 of 2nd period - Sean Monahan wins face-off versus Tage Thompson in Hurricanes zone.
1:57 of 2nd period - Snap shot by Tage Thompson.
1:57 of 2nd period - Stopped by John Gibson without a rebound.
1:58 of 2nd period - Mikael Granlund wins face-off versus Mikael Backlund in Flyers zone.
1:58 of 2nd period - Mikael Granlund is hit by Zach Parise.
2:04 of 2nd period - Slapshot by Drew Doughty.
2:04 of 2nd period - Shot Blocked by Dillon Dube.
2:24 of 2nd period - Tage Thompson is hit by Victor Olofsson and loses puck.
2:47 of 2nd period - Marcus Foligno is hit by Garnet Hathaway.
3:09 of 2nd period - Slapshot by Rickard Rakell.
3:09 of 2nd period - Deflect By Mikael Granlund.
3:09 of 2nd period - Shot Misses the Net.
3:09 of 2nd period - Puck is out of play.
3:10 of 2nd period - Mikael Granlund wins face-off versus Zemgus Girgensons in Hurricanes zone.
3:35 of 2nd period - Snap shot by Mikael Granlund.
3:35 of 2nd period - Shot Blocked by Troy Stecher.
3:37 of 2nd period - Slapshot by Quinn Hughes.
3:37 of 2nd period - Stopped by Laurent Brossoit without a rebound.
3:38 of 2nd period - Mikael Backlund wins face-off versus Sean Monahan in Hurricanes zone.
3:43 of 2nd period - Sean Monahan is hit by Zach Whitecloud and loses puck.
4:09 of 2nd period - Rasmus Ristolainen is hit by Shea Theodore and loses puck.
4:46 of 2nd period - Snap shot by Mikael Granlund.
4:46 of 2nd period - Shot Hit the Post.
5:05 of 2nd period - Wrist shot by Jimmy Vesey.
5:05 of 2nd period - Deflect By Zemgus Girgensons.
5:05 of 2nd period - Stopped by John Gibson with a rebound.
5:07 of 2nd period - Wrist shot by Jimmy Vesey.
5:07 of 2nd period - Shot Misses the Net.
5:09 of 2nd period - Snap shot by Damon Severson.
5:09 of 2nd period - Stopped by John Gibson without a rebound.
5:10 of 2nd period - Mikael Backlund wins face-off versus Mikael Granlund in Flyers zone.
5:48 of 2nd period - Slapshot by Garnet Hathaway.
5:48 of 2nd period - Stopped by Laurent Brossoit with a rebound.
5:50 of 2nd period - Slapshot by Mattias Janmark.
5:50 of 2nd period - Stopped by Laurent Brossoit with a rebound.
6:00 of 2nd period - Wrist shot by Rasmus Andersson.
6:00 of 2nd period - Shot Blocked by Brock Boeser.
6:02 of 2nd period - Slapshot by Rasmus Andersson.
6:02 of 2nd period - Stopped by Laurent Brossoit without a rebound.
6:03 of 2nd period - Dillon Dube wins face-off versus Sean Monahan in Hurricanes zone.
6:03 of 2nd period - Dillon Dube is hit by Rasmus Andersson.
6:21 of 2nd period - Sean Monahan is hit by Zach Parise and loses puck.
6:28 of 2nd period - Shea Theodore is hit by Rasmus Andersson and loses puck.
6:33 of 2nd period - Snap shot by Anthony Beauvillier.
6:33 of 2nd period - Stopped by Laurent Brossoit without a rebound.
6:34 of 2nd period - Mikael Granlund wins face-off versus Tage Thompson in Hurricanes zone.
6:39 of 2nd period - Snap shot by Mikael Granlund.
6:39 of 2nd period - Stopped by Laurent Brossoit without a rebound.
6:40 of 2nd period - Tage Thompson wins face-off versus Mikael Granlund in Hurricanes zone.
7:38 of 2nd period - Wrist shot by Alex Iafallo.
7:38 of 2nd period - Stopped by John Gibson with a rebound.
7:56 of 2nd period - Slapshot by Damon Severson.
7:56 of 2nd period - Stopped by John Gibson without a rebound.
7:57 of 2nd period - Sean Monahan wins face-off versus Anders Lee in Flyers zone.
8:02 of 2nd period - Tage Thompson is hit by Victor Olofsson and loses puck.
8:11 of 2nd period - Brock Boeser is hit by Neal Pionk and loses puck.
9:37 of 2nd period - Brock Boeser is hit by Rickard Rakell and loses puck.
9:50 of 2nd period - Dillon Dube is hit by Alex Chiasson and loses puck.
10:13 of 2nd period - Noah Cates is hit by Patrick Brown and loses puck.
10:55 of 2nd period - Victor Olofsson is hit by Jimmy Vesey and loses puck.
11:30 of 2nd period - Drew Doughty is hit by Troy Stecher and loses puck.
11:57 of 2nd period - Snap shot by Mikael Granlund.
11:57 of 2nd period - Stopped by Laurent Brossoit with a rebound.
12:47 of 2nd period - Snap shot by Alex Iafallo.
12:47 of 2nd period - Shot Misses the Net.
13:51 of 2nd period - Slapshot by Mikael Backlund.
13:51 of 2nd period - Shot Misses the Net.
14:13 of 2nd period - Snap shot by Alex Iafallo.
14:13 of 2nd period - Shot Misses the Net.
14:40 of 2nd period - Minor Penalty to Garnet Hathaway for Slashing.
14:41 of 2nd period - Patrick Brown wins face-off versus Tage Thompson in Flyers zone.
15:11 of 2nd period - Patrick Brown is hit by Shea Theodore and loses puck.
15:30 of 2nd period - Wrist shot by Sean Monahan.
15:30 of 2nd period - Shot Misses the Net.
15:32 of 2nd period - Slapshot by Neal Pionk.
15:32 of 2nd period - Stopped by Laurent Brossoit without a rebound.
15:33 of 2nd period - Patrick Brown wins face-off versus Mikael Backlund in Hurricanes zone.
16:22 of 2nd period - Tage Thompson is hit by Jacob Middleton and loses puck.
16:40 of 2nd period - Penalty to Garnet Hathaway is over, Garnet Hathaway is back on ice.
17:05 of 2nd period - Wrist shot by Bryan Rust.
17:05 of 2nd period - Goal by Bryan Rust - Flyers : 2 - Hurricanes : 1.
17:06 of 2nd period - Tage Thompson wins face-off versus Patrick Brown in neutral zone.
17:22 of 2nd period - Snap shot by Brock Boeser.
17:22 of 2nd period - Goal by Brock Boeser - Flyers : 2 - Hurricanes : 2.
17:23 of 2nd period - Sean Monahan wins face-off versus Mikael Backlund in neutral zone.
17:25 of 2nd period - Off-side.
17:26 of 2nd period - Sean Monahan wins face-off versus Mikael Backlund in neutral zone.
17:59 of 2nd period - Snap shot by Mikael Granlund.
17:59 of 2nd period - Shot Misses the Net.
18:04 of 2nd period - Icing by Tage Thompson.
18:05 of 2nd period - Mikael Granlund wins face-off versus Tage Thompson in Hurricanes zone.
19:13 of 2nd period - Slapshot by Victor Olofsson.
19:13 of 2nd period - Shot Misses the Net.
19:15 of 2nd period - Snap shot by Sean Monahan.
19:15 of 2nd period - Stopped by Laurent Brossoit with a rebound.
19:31 of 2nd period - Slapshot by Rickard Rakell.
19:31 of 2nd period - Shot Misses the Net.
19:49 of 2nd period - Snap shot by Marcus Foligno.
19:49 of 2nd period - Stopped by John Gibson without a rebound.
19:50 of 2nd period - Sean Monahan wins face-off versus Mikael Backlund in Flyers zone.
Goals for this period are 1 for Flyers vs 1 for Hurricanes.
Shots for this period are 15 for Flyers vs 10 for Hurricanes.

3rd period


0:01 of 3rd period - Sean Monahan wins face-off versus Mikael Backlund in neutral zone.
0:30 of 3rd period - Off-side.
0:31 of 3rd period - Brock Boeser wins face-off versus Mikael Granlund in neutral zone.
0:51 of 3rd period - Neal Pionk is hit by Zach Whitecloud and loses puck.
2:01 of 3rd period - Slapshot by Rasmus Ristolainen.
2:01 of 3rd period - Shot Misses the Net.
2:17 of 3rd period - Snap shot by Brock Boeser.
2:17 of 3rd period - Deflect By Jacob Middleton.
2:17 of 3rd period - Shot Hit the Post.
2:17 of 3rd period - Puck is out of play.
2:18 of 3rd period - Tage Thompson wins face-off versus Sean Monahan in Flyers zone.
3:00 of 3rd period - Jacob Middleton is hit by Troy Stecher and loses puck.
3:36 of 3rd period - Troy Stecher is hit by Anthony Beauvillier and loses puck.
4:01 of 3rd period - Slapshot by Patrick Brown.
4:01 of 3rd period - Stopped by Laurent Brossoit with a rebound.
4:03 of 3rd period - Slapshot by Patrick Brown.
4:03 of 3rd period - Shot Blocked by Damon Severson.
5:02 of 3rd period - Off-side.
5:03 of 3rd period - Mikael Granlund wins face-off versus Mikael Backlund in neutral zone.
5:08 of 3rd period - Marcus Pettersson is hit by Neal Pionk.
5:38 of 3rd period - Wrist shot by Garnet Hathaway.
5:38 of 3rd period - Deflect By Mattias Janmark.
5:38 of 3rd period - Stopped by Laurent Brossoit without a rebound.
5:39 of 3rd period - Tage Thompson wins face-off versus Sean Monahan in Hurricanes zone.
5:48 of 3rd period - Snap shot by Anthony Beauvillier.
5:48 of 3rd period - Stopped by Laurent Brossoit with a rebound.
5:50 of 3rd period - Backhand shot by Victor Olofsson.
5:50 of 3rd period - Stopped by Laurent Brossoit with a rebound.
5:57 of 3rd period - Shea Theodore is hit by Rasmus Andersson and loses puck.
6:40 of 3rd period - Slapshot by Victor Olofsson.
6:40 of 3rd period - Stopped by Laurent Brossoit with a rebound.
6:42 of 3rd period - Slapshot by Drew Doughty.
6:42 of 3rd period - Shot Blocked by Shea Theodore.
6:58 of 3rd period - Snap shot by Victor Olofsson.
6:58 of 3rd period - Shot Blocked by Tage Thompson.
7:00 of 3rd period - Wrist shot by Sean Monahan.
7:00 of 3rd period - Stopped by Laurent Brossoit without a rebound.
7:01 of 3rd period - Mikael Backlund wins face-off versus Mikael Granlund in Hurricanes zone.
8:18 of 3rd period - Snap shot by Mikael Granlund.
8:18 of 3rd period - Stopped by Laurent Brossoit without a rebound.
8:19 of 3rd period - Mikael Granlund wins face-off versus Noah Cates in Hurricanes zone.
8:47 of 3rd period - Off-side.
8:48 of 3rd period - Patrick Brown wins face-off versus Mikael Backlund in neutral zone.
8:51 of 3rd period - Snap shot by Quinn Hughes.
8:51 of 3rd period - Deflect By Mattias Janmark.
8:51 of 3rd period - Shot Misses the Net.
8:51 of 3rd period - Puck is out of play.
8:52 of 3rd period - Mikael Granlund wins face-off versus Mikael Backlund in Hurricanes zone.
9:20 of 3rd period - Anders Lee is hit by Quinn Hughes and loses puck.
9:45 of 3rd period - Slapshot by Zemgus Girgensons.
9:45 of 3rd period - Deflect By Ryan Lomberg.
9:45 of 3rd period - Shot Blocked by Patrick Brown.
9:45 of 3rd period - Puck is out of play.
9:46 of 3rd period - Patrick Brown wins face-off versus Ryan Lomberg in Flyers zone.
10:36 of 3rd period - Minor Penalty to Garnet Hathaway for Tripping.
10:37 of 3rd period - Tage Thompson wins face-off versus Patrick Brown in Flyers zone.
10:41 of 3rd period - Snap shot by Anders Lee.
10:41 of 3rd period - Stopped by John Gibson without a rebound.
10:42 of 3rd period - Patrick Brown wins face-off versus Tage Thompson in Flyers zone.
10:42 of 3rd period - Patrick Brown is hit by Marcus Pettersson.
11:27 of 3rd period - Icing by Ben Chiarot.
11:28 of 3rd period - Patrick Brown wins face-off versus Tage Thompson in Hurricanes zone.
11:43 of 3rd period - Snap shot by Tage Thompson.
11:43 of 3rd period - Stopped by John Gibson with a rebound.
11:55 of 3rd period - Snap shot by Tage Thompson.
11:55 of 3rd period - Stopped by John Gibson with a rebound.
11:57 of 3rd period - Slapshot by Anders Lee.
11:57 of 3rd period - Stopped by John Gibson with a rebound.
12:09 of 3rd period - Snap shot by Brock Boeser.
12:09 of 3rd period - Shot Blocked by Rasmus Andersson.
12:15 of 3rd period - Wrist shot by Brock Boeser.
12:15 of 3rd period - Deflect By Tage Thompson.
12:15 of 3rd period - Stopped by John Gibson with a rebound.
12:17 of 3rd period - Snap shot by Ben Chiarot.
12:17 of 3rd period - Shot Blocked by Rasmus Andersson.
12:19 of 3rd period - Snap shot by Brock Boeser.
12:19 of 3rd period - Shot Misses the Net.
12:21 of 3rd period - Slapshot by Brock Boeser.
12:21 of 3rd period - Shot Blocked by Jacob Middleton.
12:23 of 3rd period - Slapshot by Brock Boeser.
12:23 of 3rd period - Stopped by John Gibson with a rebound.
12:25 of 3rd period - Wrist shot by Anders Lee.
12:25 of 3rd period - Goal by Anders Lee - Flyers : 2 - Hurricanes : 3.
12:26 of 3rd period - Zach Parise wins face-off versus Mikael Granlund in neutral zone.
12:26 of 3rd period - Minor Penalty to Mikael Backlund for Hooking.
12:27 of 3rd period - Brock Boeser wins face-off versus Rickard Rakell in Hurricanes zone.
12:44 of 3rd period - Snap shot by Victor Olofsson.
12:44 of 3rd period - Shot Misses the Net.
13:04 of 3rd period - Marcus Pettersson is hit by Rickard Rakell and loses puck.
14:03 of 3rd period - Victor Olofsson is hit by Marcus Pettersson and loses puck.
14:26 of 3rd period - Penalty to Mikael Backlund is over, Mikael Backlund is back on ice.
14:56 of 3rd period - Snap shot by Phil Di Giuseppe.
14:56 of 3rd period - Shot Misses the Net.
15:18 of 3rd period - Victor Olofsson is hit by Mikael Backlund and loses puck.
15:46 of 3rd period - Neal Pionk is hit by Alex Iafallo and loses puck.
16:36 of 3rd period - Wrist shot by Alex Iafallo.
16:36 of 3rd period - Shot Misses the Net.
16:38 of 3rd period - Slapshot by Troy Stecher.
16:38 of 3rd period - Stopped by John Gibson without a rebound.
16:39 of 3rd period - Sean Monahan wins face-off versus Tage Thompson in Flyers zone.
16:41 of 3rd period - Minor Penalty to Sean Monahan for Interference.
16:42 of 3rd period - Tage Thompson wins face-off versus Patrick Brown in Flyers zone.
17:16 of 3rd period - Snap shot by Dillon Dube.
17:16 of 3rd period - Deflect By Zach Parise.
17:16 of 3rd period - Shot Misses the Net.
17:16 of 3rd period - Puck is out of play.
17:17 of 3rd period - Patrick Brown wins face-off versus Tage Thompson in Flyers zone.
18:41 of 3rd period - Penalty to Sean Monahan is over, Sean Monahan is back on ice.
18:56 of 3rd period - Backhand shot by Noah Cates.
18:56 of 3rd period - Stopped by John Gibson with a rebound.
19:14 of 3rd period - Flyers, John Gibson is pulled from the net.
Goals for this period are 0 for Flyers vs 1 for Hurricanes.
Shots for this period are 7 for Flyers vs 9 for Hurricanes.